 Dungeon Crawl Stone Soup version 0.13.0-17-g5f0e85f (webtiles) character file.

207 HungrySpirit the Ruffian (level 5, 0/52 HPs)
             Began as a Troll Gladiator on Oct 21, 2013.
             Slain by a giant frog (6 damage)
             ... in a sewer.
             The game lasted 00:03:57 (1541 turns).

HungrySpirit the Ruffian (Troll Gladiator)          Turns: 1541, Time: 00:03:57

HP   0/52        AC  5     Str 24      XL: 5   Next:  9%
MP   1/1         EV 10     Int  4      God:
Gold 58          SH  0     Dex 10      Spells:  0 memorised,  4 levels left

Res.Fire  : . . .   See Invis. : .     - Unarmed
Res.Cold  : . . .   Warding    : .   b - +0 animal skin
Life Prot.: . . .   Conserve   : .   (shield restricted)
Res.Poison: .       Res.Corr.  : .   c - +0 cap
Res.Elec. : .       Clarity    : .   (no cloak)
Sust.Abil.: . .     Spirit.Shd : .   (gloves unavailable)
Res.Mut.  : .       Stasis     : .   (boots unavailable)
Res.Rott. : .       Flight     : .   (no amulet)
Gourmand  : +                        (no ring)
                                     (no ring)

@: slightly resistant to hostile enchantments, unstealthy
A: unfitting armour, claws 3, fast metabolism 3, gourmand, regeneration 2,
saprovore 2, tough skin 2, AC +1
a: no special abilities


You were in a sewer.
You were not hungry.

You visited 1 branch of the dungeon, and saw 3 of its levels.
You also visited: Sewer.

You collected 38 gold pieces.

Inventory:

Missiles
 d - 3 throwing nets (quivered)
Armour
 b - a +0 animal skin (worn)
 c - a +0 cap (worn)
Comestibles
 a - 3 meat rations
 j - a pear
 n - a bread ration
 q - a cheese
Scrolls
 f - 2 scrolls of identify {unknown}
 g - 2 scrolls of noise {unknown}
 h - a scroll of curse weapon {unknown}
 i - 2 scrolls of blinking {unknown}
 o - a scroll of amnesia {unknown}
 p - a scroll of enchant weapon II {unknown}
Potions
 e - 4 potions of might {unknown}
 k - a potion of curing {unknown}
 l - 2 potions of heal wounds {unknown}
 m - a potion of cure mutation {unknown}


   Skills:
 + Level 2.6 Fighting
 - Level 1.7 Throwing
 + Level 3.2 Dodging
 * Level 4.5 Unarmed Combat


You had 4 spell levels left.
You didn't know any spells.

Dungeon Overview and Level Annotations

Branches:
Dungeon (3/27)

Altars:


Innate Abilities, Weirdness & Mutations

You are too large for most types of armour.
You have claws for hands.
Your metabolism is lightning-fast.
You like to eat raw meat.
You heal very quickly.
You can eat rotten meat.
You are covered in fur (AC +1).
You have very tough skin (AC +2).


Message History

You are too injured to fight recklessly!
Unknown command.
You are too injured to fight recklessly!
You hit the giant frog.
The giant frog is almost dead.
The giant frog hits you.
* * * LOW HITPOINT WARNING * * *
The giant frog hits you.
* * * LOW HITPOINT WARNING * * *
The giant frog closely misses you. The giant frog hits you.
* * * LOW HITPOINT WARNING * * *
You barely miss the giant frog.
The giant frog is almost dead.
The giant frog barely misses you. The giant frog hits you.
* * * LOW HITPOINT WARNING * * *
Unknown command.
You barely miss the giant frog.
The giant frog is almost dead.
The giant frog hits you.
You die...

#.# ##≈≈≈≈≈≈≈≈≈.≈≈≈.#
#.# #≈≈≈≈≈≈≈≈≈≈≈≈≈≈.#
#≈# ##≈≈≈≈≈≈≈≈≈≈≈≈≈≈.#
#≈# #≈≈≈≈.≈≈≈≈≈≈≈≈≈≈.#
#.# #≈≈∩.≈≈≈.≈≈≈≈≈≈≈.#
#.#
##≈≈......≈≈≈≈≈≈≈.#
#.#
#≈≈≈≈..≈≈≈≈≈≈≈≈≈≈.#
#.#
#≈≈≈≈≈F≈≈≈≈≈≈≈≈≈≈.#
### #.#
#≈≈≈≈≈F@≈.≈≈≈≈≈≈≈.#
#.# #.#
#≈≈≈≈.)??≈≈≈≈≈≈≈≈.#
#∩# #.#
#≈≈≈≈..[≈≈≈≈≈≈≈≈≈.#
#.# #.#
#≈≈≈≈≈..≈≈≈≈≈.≈≈≈.#
#∩# #.#
##≈≈≈≈≈≈≈≈≈≈≈.≈≈≈.#
#.# #.#
#≈≈≈≈≈≈≈≈≈≈≈.≈≈≈.# #.#
#.#
≈≈≈≈≈≈≈≈≈≈≈.≈≈≈.###.##
#.#
≈≈≈≈≈≈≈≈≈#.≈≈≈.##.≈.#
#.# ≈≈≈≈≈≈#.≈≈≈.##≈≈≈#


You could see 2 giant frogs.

Vanquished Creatures
  5 adders
  4 giant mites
  A worm (D:2)
  A grey rat (D:3)
  8 giant geckos
  3 ball pythons
  7 giant cockroaches
  4 goblins
  2 hobgoblins
  10 kobolds
  A quokka (D:2)
  6 bats
  11 giant newts
  5 rats
68 creatures vanquished.

Notes
Turn   | Place    | Note
--------------------------------------------------------------
     0 | D:1      | HungrySpirit, the Troll Gladiator, began the quest for the Orb.
     0 | D:1      | Reached XP level 1. HP: 22/22 MP: 0/0
     6 | D:1      | Noticed a death yak
    77 | D:1      | Reached XP level 2. HP: 29/29 MP: 0/0
   430 | D:1      | Noticed a five-headed hydra
   465 | D:2      | Reached XP level 3. HP: 34/36 MP: 1/1
   996 | D:2      | Reached skill level 4 in Unarmed Combat
   996 | D:2      | Reached XP level 4. HP: 45/45 MP: 1/1
  1253 | D:3      | Found a glowing drain.
  1289 | Sewer    | Entered a sewer
  1450 | Sewer    | Reached XP level 5. HP: 52/52 MP: 1/1
  1531 | Sewer    | Noticed a giant frog
  1532 | Sewer    | Noticed a giant frog
  1541 | Sewer    | Slain by a giant frog

Action                   |  1- 3 |  4- 6 || total
-------------------------+-------+-------++-------
Melee: Unarmed           |   119 |    74 ||   193
 Stab: Sleeping          |     1 |       ||     1
